 Dungeon Crawl Stone Soup version 0.19.5 (webtiles) character file.

315896 Inarius the Warrior (level 20, -3/192 HPs)
             Began as a Minotaur Fighter on May 11, 2017.
             Was a High Priest of Qazlal.
             Splashed by an acid blob's acid (6 damage)
             ... on level 4 of the Pits of Slime on May 13, 2017.
             The game lasted 03:24:56 (48388 turns).

Inarius the Warrior (Minotaur Fighter)             Turns: 48388, Time: 03:24:57

Health: -3/192     AC: 21    Str: 29    XL:     20   Next: 52%
Magic:  16/29      EV: 19    Int:  7    God:    Qazlal [*****.]
Gold:   2738       SH:  0    Dex: 14    Spells: 1 memorised, 18 levels left

rFire  . . .     SeeInvis .     U - +4 eveningstar (vamp)
rCold  . . .     Gourm    +     z - +6 chain mail of Osua {+Inv}
rNeg   . . .     Faith    .     c - +0 shield
rPois  .         Spirit   .     (helmet restricted)
rElec  +         Reflect  .     q - +1 cloak of the Jackalope {rElec rCorr Int+2}
rCorr  +         Harm     .     x - +0 pair of gloves
MR     +....                    h - +0 pair of boots
Stlth  ..........               Z - amulet of the gourmand
                                W - +4 ring of evasion
                                V - +3 ring of strength

@: confused, protected from physical damage, corroded, repel missiles
A: retaliatory headbutt, horns 2
a: Upheaval, Elemental Force, Disaster Area, Renounce Religion, Evoke
Invisibility
}: 2/15 runes: decaying, gossamer


You were on level 4 of the Pits of Slime.
You worshipped Qazlal.
Qazlal was extremely pleased with you.
You were hungry.

You visited 8 branches of the dungeon, and saw 39 of its levels.
You also visited: Ossuary.

You collected 3360 gold pieces.
You spent 622 gold pieces at shops.

Inventory:

Hand Weapons
 O - the +14 obsidian axe {chop, +Fly SInv *Curse}
   (You acquired it on level 6 of the Lair of Beasts)

   It inflicts extra damage upon your enemies.
   It lets you see invisible.
   It lets you fly.
   It may re-curse itself when equipped.
 U - a +4 vampiric eveningstar (weapon)
Missiles
 L - 8 steel tomahawks
 T - 7 silver tomahawks (quivered)
Armour
 c - a +0 shield (worn)
 d - +0 ice dragon scales
 h - a +0 pair of boots (worn)
 q - the +1 cloak of the Jackalope (worn) {rElec rCorr Int+2}
   (You acquired it on level 2 of the Vaults)

   It affects your intelligence (+2).
   It insulates you from electricity.
   It protects you from acid and corrosion.
 x - a +0 pair of gloves (worn)
 z - the +6 chain mail of Osua (worn) {+Inv}
   (You found it on level 8 of the Dungeon)

   It lets you turn invisible.
 R - a +1 plate armour of poison resistance
Jewellery
 v - a cursed -3 ring of intelligence
 y - an uncursed ring of positive energy
 I - an uncursed ring of ice
 K - the ring of Shadows {Umbra +Inv Stlth+}
   (You found it on level 3 of the Spider Nest)

   [ring of stealth]

   It lets you turn invisible.
   It makes you more stealthy.
 V - a +3 ring of strength (left hand)
 W - a +4 ring of evasion (right hand)
 Y - an uncursed ring of protection from magic
 Z - an amulet of the gourmand (around neck)
Wands
 o - a wand of lightning (8/15)
 G - a wand of lightning (10/15)
Scrolls
 j - a scroll of identify
 l - 5 scrolls of remove curse
 n - 7 scrolls of enchant armour
 s - 4 scrolls of immolation
 w - 4 scrolls of magic mapping
 B - 4 scrolls of fear
 C - 7 scrolls of teleportation
 H - 3 scrolls of blinking
 M - 6 scrolls of recharging
 Q - a scroll of silence
 S - 5 scrolls of fog
Potions
 e - 9 potions of curing
 g - 2 potions of might
 m - 6 potions of flight
 r - 3 potions of brilliance
 u - 8 potions of lignification
 A - 4 potions of agility
 D - a potion of cancellation
 E - 4 potions of ambrosia
 J - 2 potions of magic
 P - 3 potions of resistance
Comestibles
 b - 15 slices of pizza
 f - 15 bread rations
 k - 11 meat rations
 t - 17 fruits
 F - 8 beef jerkies
 N - a royal jelly


   Skills:
 + Level 19.6 Fighting
 - Level 17.4(20.8) Axes
 + Level 19.5(21.8) Maces & Flails
 + Level 2.4 Throwing
 + Level 17.1 Armour
 + Level 9.7 Dodging
 - Level 1.0 Stealth
 - Level 15.0 Shields
 * Level 13.6 Invocations


You had 18 spell levels left.
You knew the following spells:

 Your Spells              Type           Power        Failure   Level  Hunger
a - Corona                Hex            #......      97%         1    ##.....


Dungeon Overview and Level Annotations

Branches:
Dungeon (14/15)            Temple (0/1) D:5            Lair (6/6) D:10
  Swamp (4/4) Lair:4       Spider (4/4) Lair:3        Slime (5/5) Lair:6
    Orc (2/2) D:10            Elf (2/3) Orc:2        Vaults (2/5) D:13
  Crypt (0/3) Vaults:2

Altars:
Ashenzari
Elyvilon
Fedhas
Gozag
Hepliaklqana
Kikubaaqudgha
Qazlal
Ru
Sif Muna
Uskayaw
Yredelemnul
Zin
Beogh

Shops:
D:11 *   D:13 !   Orc:2 *:[(   Vaults:2 [


Innate Abilities, Weirdness & Mutations

You reflexively headbutt those who attack you in melee.
You have a pair of horns on your head.


Message History

The great orb of eyes gazes at you.
You are more confused.
The acid blob hits you!!
* * * LOW HITPOINT WARNING * * *
You are splashed with acid!
The acid burns!
You resist.
* * * LOW HITPOINT WARNING * * *
You are feeling hungry.
The great orb of eyes bites you!
* * * LOW HITPOINT WARNING * * *
The acid blob spits acid at you. The splash of acid hits you!
You are splashed with acid!
The acid burns!
You resist.
* * * LOW HITPOINT WARNING * * *
You can move again.
Okay, then.
You're too confused to move!
The acid blob spits acid at you. The splash of acid hits you!
You are splashed with acid!
The acid burns!
You resist.
You die...

.........##......#.## ####.##
...#.....#......#...####.#...#
...##..........#.....##......#
...#...........#.....###.##.##
..................<...##.###*
.<...................##....##
........^.....§§.§§...##....#
..............§...§...##.#.##
.....#..........@.........###
...............G.J..........##
..............§§.............#
.....#.......#.......#......##
.....#.......#........##.....#
....##.......##........#.....#
....###.....###.............##
....###.....###..........####
.....##.....##...........#


You could see an acid blob and a great orb of eyes.

Vanquished Creatures
  Mara (Swamp:4)
  the Lernaean hydra (Swamp:4)
  Arachne (Spider:2)
  Rupert (Lair:5)
  17 acid blobs
  A deep elf blademaster (Elf:2)
  4 thorn hunters
  Kirke (Spider:3)
  A deep elf sorcerer (Elf:2)
  6 azure jellies
  4 vault wardens
  A fire giant (Vaults:1)
  2 ghost moths (Spider:3)
  An orc warlord (Orc:1)
  8 emperor scorpions
  A deep elf elementalist (Elf:1)
  6 ironheart preservers
  A stone giant (Vaults:2)
  An entropy weaver (Vaults:2)
  2 deep elf annihilators
  A spark wasp (Spider:3)
  An ettin (shapeshifter) (Vaults:2)
  A fire dragon (D:13)
  A death ooze (Slime:3)
  123 slime creatures
  An ettin (Orc:2)
  9 ogre magi
  5 great orbs of eyes
  3 vault guards (Vaults:2)
  2 ice dragons
  2 ghost crabs
  16 hydras
  5 alligators
  A death knight (D:12)
  A catoblepas (Lair:6)
  5 centaur warriors
  A deep troll earth mage (Vaults:2)
  10 death yaks
  Urug (Orc:1)
  An orc high priest (Orc:2)
  27 dancing weapons
  21 deep elf knights
  A storm dragon zombie (Vaults:1)
  The ghost of Squonk the Grappler, a novice TrTm of Cheibriados (Lair:1)
  2 skeletal warriors
  5 deep trolls (Vaults:2)
  4 unseen horrors
  A wizard (D:13)
  2 spriggan druids
  14 deep elf archers
  2 shambling mangroves
  11 swamp dragons
  10 hill giants
  11 ironbrand convokers
  The ghost of miragecloak the Grappler, a novice NaTm of Cheibriados (D:7)
  A harpy (shapeshifter) (Elf:2)
  15 wolf spiders
  40 deep elf magi
  2 necromancers (Vaults:1)
  9 orc knights
  5 orc sorcerers
  11 ugly things
  4 shining eyes
  18 orb spiders
  An oklob plant (Lair:4)
  9 cyclopes
  An elephant (shapeshifter) (Vaults:2)
  A manticore (D:13)
  8 elephants
  2 moths of wrath
  5 vault sentinels (Vaults:1)
  2 eyes of devastation
  18 spiny frogs
  A gargoyle (D:11)
  2 torpor snails
  4 rime drakes
  16 yaktaurs
  A komodo dragon (Lair:2)
  3 freezing wraiths
  7 demonic crawlers
  5 trolls
  28 jumping spiders
  10 hornets
  10 tyrant leeches
  A polar bear (Lair:6)
  3 blink frogs (Lair:5)
  11 two-headed ogres (Vaults:1)
  A blink frog (shapeshifter) (Vaults:1)
  14 dream sheep
  11 hippogriffs
  8 bog bodies
  77 redbacks
  14 spriggans
  2 air elementals (Elf:1)
  32 tarantellas
  47 yaks
  A tarantella (shapeshifter) (D:12)
  4 basilisks
  8 wyverns
  5 hogs (Spider:3)
  2 wraiths
  5 water elementals
  A human (D:10)
  3 hungry ghosts
  3 fire elementals
  2 golden eyes (Slime:2)
  2 mottled dragons
  Grum (D:9)
  8 vampire mosquitoes
  A steam dragon (D:13)
  2 wargs (Orc:2)
  20 swamp worms
  11 water moccasins
  9 insubstantial wisps
  8 ice beasts
  12 porcupines
  Duvessa (D:4)
  3 sky beasts
  5 black bears
  36 orc warriors
  4 phantoms
  11 swamp drakes
  A necrophage (D:11)
  33 ogres
  5 eyes of draining
  15 centaurs
  An ettin simulacrum (Vaults:1)
  30 wolves
  4 boggarts
  12 crocodiles
  A human zombie (Vaults:1)
  21 bullfrogs
  An elf zombie (Ossuary)
  2 big kobolds (D:10)
  Blork the orc (Orc:2)
  A yaktaur zombie (Vaults:1)
  A human skeleton (Vaults:1)
  Dowan (D:4)
  3 earth elementals
  3 wyvern zombies
  3 scorpions
  2 wyvern skeletons
  A killer bee (shapeshifter) (Vaults:1)
  5 killer bees (D:10)
  10 howler monkeys
  2 crimson imps
  3 bullfrog zombies
  3 centaur zombies
  A quasit (D:10)
  A jelly (shapeshifter) (Vaults:1)
  19 orc priests
  4 centaur skeletons
  8 hounds
  21 jellies
  3 bullfrog skeletons
  A gnoll shaman (D:5)
  6 iguanas
  Terence (D:2)
  32 orc wizards
  14 worker ants
  A hound zombie (D:10)
  2 hound skeletons
  4 mummies (Ossuary)
  13 gnolls
  A howler monkey skeleton (D:8)
  10 adders
  A shadow imp (D:7)
  5 oozes
  3 adder zombies (Ossuary)
  An adder skeleton (D:10)
  6 worms
  A dart slug (D:1)
  3 leopard geckos
  92 orcs
  A ball python (D:3)
  6 giant cockroaches
  3 goblins
  7 hobgoblins
  17 jackals
  7 quokkas
  10 bats
  3 frilled lizards (D:1)
  A gnoll zombie (Ossuary)
  2 goblin zombies (Ossuary)
  2 hobgoblin zombies (Ossuary)
  2 jackal zombies
  13 kobolds
  A kobold zombie (Ossuary)
  An orc zombie (Ossuary)
  A quokka zombie (D:9)
  11 rats
  6 briar patches (Swamp:3)
  27 fungi
  9 plants
1541 creatures vanquished.

Vanquished Creatures (collateral kills)
  An orc warlord (Orc:2)
  An emperor scorpion (Spider:2)
  A hydra (Lair:6)
  A centaur warrior (D:13)
  2 orc sorcerers (Orc:2)
  A hornet (Lair:6)
  A jumping spider (Spider:3)
  A hippogriff (D:14)
  A polar bear (Lair:6)
  4 dream sheep (Lair:6)
  A wyvern (D:14)
  A mottled dragon (D:14)
  5 orc warriors
  An ice beast (D:13)
  An ogre (Orc:2)
  A wolf (Lair:6)
  A centaur (D:13)
  An orc priest (Orc:2)
  3 orcs
29 creatures vanquished.

Vanquished Creatures (others)
  A deep elf knight (Elf:2)
  2 redbacks
  A human (Spider:3)
  A swamp worm (Swamp:1)
  3 fungi
  8 plants
16 creatures vanquished.

Grand Total: 1586 creatures vanquished

Notes
Turn   | Place    | Note
-------+----------+-------------------------------------------
     0 | D:1      | Inarius the Minotaur Fighter began the quest for the Orb.
     0 | D:1      | Reached XP level 1. HP: 19/19 MP: 0/0
   109 | D:1      | Reached XP level 2. HP: 27/27 MP: 1/1
   464 | D:2      | Found an opulent altar of Gozag.
   573 | D:2      | Reached XP level 3. HP: 33/33 MP: 2/2
   675 | D:2      | Noticed Terence
   682 | D:2      | Killed Terence
   745 | D:2      | Found a hide-covered altar of Uskayaw.
   750 | D:2      | Reached XP level 4. HP: 38/40 MP: 3/3
  1111 | D:2      | Found a faded altar of an unknown god.
  1111 | D:2      | Found a faded altar of an unknown god.
  1117 | D:2      | Found an ancient bone altar of Kikubaaqudgha.
  1119 | D:2      | Found a faded altar of an unknown god.
  1121 | D:2      | Found a faded altar of an unknown god.
  1798 | D:3      | Reached XP level 5. HP: 42/46 MP: 4/4
  1833 | D:3      | Found a white marble altar of Elyvilon.
  1833 | D:3      | Found a deep blue altar of Sif Muna.
  1886 | D:3      | Reached skill level 5 in Axes
  1935 | D:3      | Found a sacrificial altar of Ru.
  2177 | D:3      | Reached skill level 5 in Shields
  2403 | D:3      | Reached XP level 6. HP: 52/52 MP: 5/5
  2692 | D:4      | Found a stormy altar of Qazlal.
  2704 | D:4      | Noticed Dowan
  2707 | D:4      | Noticed Duvessa
  2729 | D:4      | Killed Duvessa
  2729 | D:4      | Reached skill level 5 in Armour
  2729 | D:4      | Reached XP level 7. HP: 21/60 MP: 6/6
  2738 | D:4      | Killed Dowan
  2947 | D:4      | Became a worshipper of Qazlal Stormbringer
  3127 | D:4      | Reached skill level 1 in Dodging
  3460 | D:5      | Entered Level 5 of the Dungeon
  3503 | D:5      | Reached XP level 8. HP: 65/67 MP: 7/7
  3506 | D:5      | Found a staircase to the Ecumenical Temple.
  3519 | D:5      | Reached skill level 1 in Invocations
  3541 | D:5      | Found a sand-covered staircase.
  3549 | Ossuary  | Entered an ossuary
  3554 | Ossuary  | Reached * piety under Qazlal
  3615 | Ossuary  | Reached skill level 5 in Fighting
  3948 | D:5      | Found a glowing silver altar of Zin.
  4366 | D:6      | Reached ** piety under Qazlal
  4633 | D:6      | Found a glowing silver altar of Zin.
  4764 | D:6      | Reached XP level 9. HP: 74/74 MP: 10/10
  4789 | D:6      | Learned a level 1 spell: Corona
  5205 | D:7      | Found a hazy altar of Hepliaklqana.
  5207 | D:7      | Reached skill level 10 in Axes
  5243 | D:7      | Killed an unseen horror
  5336 | D:7      | Noticed miragecloak's ghost (novice NaTm)
  5345 | D:7      | Killed miragecloak's ghost
  5594 | D:7      | Found Bimuhon's Antique Weapon Shoppe.
  6193 | D:8      | Reached XP level 10. HP: 84/84 MP: 12/12
  6325 | D:8      | Reached *** piety under Qazlal
  6511 | D:8      | Got a pitted chain mail
  6522 | D:8      | Identified the +6 chain mail of Osua {+Inv} (You found it on level 8 of the Dungeon)
  6627 | D:9      | Noticed a hill giant
  6638 | D:9      | Killed a hill giant
  6638 | D:9      | Reached skill level 5 in Invocations
  6688 | D:9      | Gained mutation: Your muscles are strong. (Str +2) [mutagenic meat]
  6689 | D:9      | Gained mutation: You tend to lose your temper in combat. [mutagenic meat]
  6690 | D:9      | Gained mutation: You have a pair of large horns on your head. [mutagenic meat]
  6691 | D:9      | Gained mutation: You have sharp toenails. [mutagenic meat]
  7147 | D:9      | Noticed Grum
  7161 | D:9      | Killed Grum
  7164 | D:9      | Reached **** piety under Qazlal
  8039 | D:10     | Entered Level 10 of the Dungeon
  8084 | D:10     | Found a staircase to the Lair.
  8298 | D:10     | Reached XP level 11. HP: 93/93 MP: 14/14
  8365 | D:10     | Noticed a hill giant
  8384 | D:10     | Killed a hill giant
  8398 | D:10     | Reached ***** piety under Qazlal
  8972 | D:10     | Found a staircase to the Orcish Mines.
  9174 | D:11     | Gained mutation: Scrolls take you a little longer to read. [mutagenic meat]
  9175 | D:11     | Gained mutation: You are occasionally teleported next to monsters. [mutagenic meat]
  9176 | D:11     | Lost mutation: You tend to lose your temper in combat. [mutagenic meat]
  9177 | D:11     | Gained mutation: You are agile. (Dex +2) [mutagenic meat]
  9186 | D:11     | Reached skill level 10 in Shields
  9203 | D:11     | Noticed a hill giant
  9205 | D:11     | Noticed a hill giant
  9217 | D:11     | Killed a hill giant
  9218 | D:11     | Killed a hill giant
  9611 | D:11     | Found a shattered altar of Ashenzari.
  9714 | D:11     | Found Piprour's General Store.
  9915 | D:12     | Noticed a hill giant
  9930 | D:12     | Killed a hill giant
 10392 | D:13     | Found a sacrificial altar of Ru.
 10396 | D:13     | Noticed a death knight
 10427 | D:12     | Killed an unseen horror
 10427 | D:12     | Reached XP level 12. HP: 36/103 MP: 16/16
 10451 | D:12     | Killed a death knight
 10972 | Lair:1   | Entered Level 1 of the Lair of Beasts
 10975 | Lair:1   | Reached skill level 10 in Armour
 11008 | Lair:1   | Noticed Squonk's ghost (novice TrTm)
 11021 | Lair:1   | Killed Squonk's ghost
 11947 | Lair:2   | Reached skill level 1 in Stealth
 12085 | Lair:2   | Reached skill level 15 in Axes
 13287 | Lair:3   | Reached XP level 13. HP: 113/113 MP: 18/18
 13300 | Lair:3   | Reached ****** piety under Qazlal
 13764 | Lair:3   | Found a hole to the Spider Nest.
 14050 | Lair:3   | Reached skill level 10 in Fighting
 14103 | Lair:4   | Found a staircase to the Swamp.
 15779 | Lair:6   | Entered Level 6 of the Lair of Beasts
 15796 | Lair:6   | Noticed Rupert
 15796 | Lair:6   | Reached skill level 10 in Invocations
 16118 | Lair:5   | Killed Rupert
 16376 | Lair:6   | Reached XP level 14. HP: 83/122 MP: 20/20
 17292 | Lair:6   | Found a staircase to the Slime Pits.
 17621 | Lair:6   | Identified a scroll of acquirement
 18072 | Orc:1    | Entered Level 1 of the Orcish Mines
 18102 | Orc:1    | Noticed Urug
 18129 | Orc:1    | Killed Urug
 18234 | Orc:1    | Noticed an orc warlord
 18245 | Orc:1    | Killed an orc warlord
 18771 | Orc:2    | Entered Level 2 of the Orcish Mines
 18816 | Orc:2    | Found a staircase to the Elven Halls.
 19029 | Orc:2    | Noticed Blork the orc
 19039 | Orc:2    | Killed Blork the orc
 19053 | Orc:2    | Noticed an orc warlord
 19065 | Orc:2    | Killed an orc warlord
 19065 | Orc:2    | Reached skill level 1 in Throwing
 19094 | Orc:2    | Found a roughly hewn altar of Beogh.
 19125 | Orc:2    | Found Ceuch's Book Emporium.
 19391 | Orc:2    | Found Exzov's General Store.
 19399 | Orc:2    | Bought a scroll of identify for 28 gold pieces
 19662 | Orc:2    | Found Vakhearu's Antique Armour Emporium.
 19690 | Orc:2    | Found Qyptio's Antique Weapon Emporium.
 20413 | Orc:2    | Bought a +3 ring of strength for 219 gold pieces
 20728 | D:13     | Reached XP level 15. HP: 132/132 MP: 22/22
 20768 | D:13     | Found Etud's Distillery.
 20777 | D:13     | Bought a potion of cure mutation for 375 gold pieces
 20777 | D:13     | Lost mutation: You are agile. (Dex +2) [potion of cure mutation]
 20777 | D:13     | Lost mutation: You have a pair of large horns on your head. [potion of cure mutation]
 20777 | D:13     | Lost mutation: Your muscles are strong. (Str +2) [potion of cure mutation]
 20777 | D:13     | Lost mutation: You are occasionally teleported next to monsters. [potion of cure mutation]
 20905 | D:13     | Found a blossoming altar of Fedhas.
 21061 | D:13     | Found a gate to the Vaults.
 22525 | Spider:1 | Entered Level 1 of the Spider Nest
 22888 | Spider:1 | Reached skill level 15 in Shields
 24320 | Spider:2 | Reached skill level 1 in Maces & Flails
 24333 | Spider:2 | Noticed Arachne
 24513 | Spider:2 | Killed Arachne
 24855 | Spider:2 | Reached skill level 5 in Dodging
 25334 | Spider:2 | Got an ivory broad axe
 25479 | Spider:2 | Identified the +4 broad axe of Peukyex {flame, rC+ Str-5 Int+3 SInv} (You found it on level 2 of the Spider Nest)
 25649 | Spider:3 | Reached skill level 5 in Maces & Flails
 26182 | Spider:4 | Entered Level 4 of the Spider Nest
 26914 | Spider:3 | Reached XP level 16. HP: 40/143 MP: 24/24
 27600 | Spider:4 | Noticed Kirke
 27634 | Spider:3 | Killed Kirke
 28516 | Spider:4 | Reached skill level 10 in Maces & Flails
 29680 | Spider:4 | Got a gossamer rune of Zot
 30114 | Elf:1    | Entered Level 1 of the Elven Halls
 31706 | Elf:2    | Got a scorched chain mail
 31732 | Elf:2    | Identified the +2 chain mail of Yssaijom {rF+} (You found it on level 2 of the Elven Halls)
 31915 | Elf:1    | Reached XP level 17. HP: 92/152 MP: 25/25
 33214 | Elf:2    | Found a huge runed gate.
 33214 | Elf:2    | Found a huge runed gate.
 33214 | Elf:2    | Found a huge runed gate.
 33214 | Elf:2    | Found a huge runed gate.
 33214 | Elf:2    | Found a huge runed gate.
 33943 | Elf:2    | Noticed a deep elf blademaster
 33958 | Elf:2    | Killed a deep elf blademaster
 34482 | Elf:2    | Reached skill level 15 in Fighting
 34875 | Swamp:1  | Entered Level 1 of the Swamp
 35173 | Swamp:1  | Reached skill level 15 in Maces & Flails
 35208 | Swamp:1  | You fall through a shaft!
 37084 | Swamp:3  | Reached skill level 15 in Armour
 37084 | Swamp:3  | Reached XP level 18. HP: 114/165 MP: 26/26
 37752 | Swamp:4  | Entered Level 4 of the Swamp
 37868 | Swamp:4  | Noticed Mara
 37893 | Swamp:4  | Noticed Inarius's illusion
 38004 | Swamp:4  | Noticed Inarius's illusion
 38007 | Swamp:4  | Killed Mara
 38399 | Swamp:4  | Noticed the 27-headed Lernaean hydra
 38763 | Swamp:4  | Killed the 27-headed Lernaean hydra
 39339 | Swamp:4  | Got a decaying rune of Zot
 39507 | Swamp:4  | Got a faintly glowing ring mail
 39959 | Lair:2   | Identified the cursed +1 ring mail of Midnight {rC+ MR+} (You found it on level 4 of the Swamp)
 40126 | Vaults:1 | Entered Level 1 of the Vaults
 40940 | Vaults:1 | Reached XP level 19. HP: 163/177 MP: 7/27
 41688 | Vaults:1 | Paralysed by an ogre mage for 7 turns
 42454 | Vaults:2 | Found Oxkohes's Armour Emporium.
 43606 | Vaults:2 | Got an ichor-stained cloak
 43610 | Vaults:2 | Identified the +1 cloak of the Jackalope {rElec rCorr Int+2} (You acquired it on level 2 of the Vaults)
 43994 | Vaults:2 | Found a staircase to the Crypt.
 43994 | Vaults:2 | Found an ancient bone altar of Kikubaaqudgha.
 43995 | Vaults:2 | Found a basalt altar of Yredelemnul.
 44803 | Slime:1  | Entered Level 1 of the Pits of Slime
 45690 | Slime:2  | Gained mutation: Armour fits poorly on your strangely shaped body. [a shining eye]
 45733 | Slime:2  | Gained mutation: You tend to lose your temper in combat. [a shining eye]
 45735 | Slime:2  | Gained mutation: Your spells are a little easier to cast, but a little less powerful. [a shining eye]
 45743 | Slime:2  | Lost mutation: Scrolls take you a little longer to read. [potion of cure mutation]
 45743 | Slime:2  | Lost mutation: You have sharp toenails. [potion of cure mutation]
 45743 | Slime:2  | Lost mutation: Armour fits poorly on your strangely shaped body. [potion of cure mutation]
 45743 | Slime:2  | Lost mutation: Your spells are a little easier to cast, but a little less powerful. [potion of cure mutation]
 45743 | Slime:2  | Lost mutation: You tend to lose your temper in combat. [potion of cure mutation]
 46021 | Slime:2  | Reached XP level 20. HP: 165/189 MP: 18/28
 46581 | Slime:4  | Paralysed by a great orb of eyes for 7 turns
 47843 | Slime:5  | Entered Level 5 of the Pits of Slime
 48380 | Slime:4  | Paralysed by a great orb of eyes for 7 turns
 48387 | Slime:4  | HP: 9/192 [great orb of eyes (8)]
 48387 | Slime:4  | HP: 3/192 [acid (6)]
 48388 | Slime:4  | Splashed by an acid blob's acid

Skill      XL: |  1  2  3  4  5  6  7  8  9 10 11 12 13 14 15 16 17 18 19 20 |
---------------+-------------------------------------------------------------+-----
Shields        | 4 5 7 8 9 10 11 13 14 15 | 15.0
Axes           | 3 4 5 7 8 9 11 12 14 15 16 17 | 17.4
Fighting       | 4 5 6 7 8 9 10 12 13 14 15 17 18 19 | 19.6
Armour         | 4 5 7 8 9 10 11 12 13 14 15 16 17 | 17.1
Dodging        | 1 2 3 4 6 8 9 |  9.7
Invocations    | 2 4 6 7 9 10 11 12 13 | 13.6
Stealth        | 1 |  1.0
Throwing       | 1 2 |  2.4
Maces & Flails | 7 12 15 17 18 19 | 19.5

Action                   |  1- 3 |  4- 6 |  7- 9 | 10-12 | 13-15 | 16-18 | 19-21 || total
-------------------------+-------+-------+-------+-------+-------+-------+-------++-------
Melee: War axe           |    65 |   157 |   288 |   759 |   500 |       |       ||  1769
       Headbutt          |     7 |    29 |    56 |   192 |   278 |   418 |   284 ||  1264
       Broad axe         |       |       |       |       |   264 |       |       ||   264
       Eveningstar       |       |       |       |       |   313 |  1584 |   835 ||  2732
       Hand axe          |       |       |       |       |    53 |       |       ||    53
Throw: Tomahawk          |       |       |       |       |    33 |     9 |       ||    42
Invok: Disaster Area     |       |       |       |       |     3 |     2 |     1 ||     6
       Elemental Force   |       |       |       |       |     4 |     1 |       ||     5
       Upheaval          |       |       |       |       |    23 |    23 |    19 ||    65
  Use: Potion            |       |     1 |       |     3 |     4 |    11 |     5 ||    24
       Scroll            |       |       |    13 |     9 |    16 |     8 |     4 ||    50
 Stab: Distracted        |       |       |       |       |     1 |       |       ||     1
  Eat: Chunk             |       |     5 |    11 |    25 |    57 |    52 |    11 ||   161
       Fruit             |       |     1 |       |       |     1 |       |       ||     2
       Meat ration       |       |       |       |     2 |       |       |     1 ||     3
       Pizza             |       |       |       |       |     1 |       |       ||     1
Armor: Scale mail        |    19 |       |       |       |       |       |       ||    19
       Plate armour      |    28 |   127 |   145 |    22 |   290 |   532 |       ||  1144
       Chain mail        |       |       |       |   196 |   159 |   143 |   184 ||   682
Dodge: Dodged            |    19 |    32 |    48 |   110 |   347 |   749 |   249 ||  1554
       Deflected         |       |       |       |       |    12 |    35 |    12 ||    59
Block: Shield            |    37 |   107 |   148 |   570 |  1135 |  1573 |   664 ||  4234
